 Dungeon Crawl Stone Soup version 0.30.1-3-gfc49f6343a (webtiles) character file.

Game seed: 17988686617483993737

3056 spardeous the Destroyer (level 9, 0/62 HPs)
             Began as a Demigod Conjurer on Aug 3, 2023.
             Slain by a green ugly thing (5 damage)
             ... on level 8 of the Dungeon.
             The game lasted 00:13:16 (8607 turns).

spardeous the Destroyer (Demigod Conjurer)          Turns: 8607, Time: 00:13:17

Health: 0/62       AC: 13    Str: 16    XL:     9   Next: 32%
Magic:  2/23       EV:  7    Int: 30    God:
Gold:   377        SH:  0    Dex: 12    Spells: 15/22 levels left

rFire   . . .        E - +0 trident (vamp)
rCold   . . .        (no shield)
rNeg    . . .        M - +0 chain mail
rPois   .            t - +0 helmet
rElec   .            D - +0 cloak
rCorr   .            A - +1 pair of gloves
SInv    .            w - +0 pair of boots
Will    .....        (no amulet) Stlth
                     h - +4 ring of slaying
HPRegen 0.30/turn    p - +6 ring of intelligence
MPRegen 0.18/turn

%: no passive effects
@: lethally poisoned (0 -> -21)
A: high MP 1, forlorn, divine attributes
a: no special abilities


You were on level 8 of the Dungeon.
You visited 1 branch of the dungeon, and saw 8 of its levels.

You collected 377 gold pieces.

Inventory:

Hand Weapons
 i - a +0 spear
 B - a +0 dagger of venom
 E - a +0 vampiric trident (weapon)
Armour
 f - a +0 buckler
 t - a +0 helmet (worn)
 w - a +0 pair of boots (worn)
 A - a +1 pair of gloves (worn)
 C - a +0 ring mail
 D - a +0 cloak (worn)
 M - a +0 chain mail (worn)
Magical Staves
 u - a staff of death
Jewellery
 h - a +4 ring of slaying (left hand)
 p - a +6 ring of intelligence (right hand)
 F - a ring of willpower
 G - a ring of willpower
Wands
 a - a wand of polymorph (8)
 K - a wand of mindburst (12)
 N - a wand of quicksilver (6)
 O - a wand of iceblast (25)
Scrolls
 d - 5 scrolls of teleportation {unknown}
 j - 2 scrolls of enchant armour
 l - 2 scrolls of poison {unknown}
 m - a scroll of amnesia
 n - 3 scrolls of brand weapon {unknown}
 q - 2 scrolls of magic mapping {unknown}
 v - 2 scrolls of immolation
 y - 2 scrolls of enchant weapon {unknown}
 H - a scroll of summoning
 I - a scroll of noise
 J - a scroll of fear
 L - 3 scrolls of fog {unknown}
Potions
 b - a potion of magic
 c - 2 potions of attraction {unknown}
 e - 3 potions of heal wounds {unknown}
 g - 2 potions of brilliance {unknown}
 k - 4 potions of curing
 o - 2 potions of flight {unknown}
 r - a potion of haste {unknown}
 s - a potion of resistance
 x - a potion of mutation {unknown}
 z - 2 potions of degeneration {unknown}
 P - a potion of cancellation {unknown}


   Skills:
 - Level 1.7 Dodging
 - Level 1.7 Stealth
 + Level 7.0 Spellcasting
 + Level 8.2 Conjurations
 + Level 6.4 Translocations


You had 15 spell levels left.
You knew the following spells:

 Your Spells              Type           Power      Damage    Failure   Level
a - Magic Dart            Conj           100%       1d8       2%          1
b - Searing Ray           Conj           100%       2d8       3%          2
c - Iskenderun's Mystic   Conj/Tloc      53%        2d11      32%         4

Your spell library contained the following spells:

 Spells                   Type           Power      Damage    Failure   Level
 Apportation              Tloc           98%        N/A       4%          1
 Dazzling Flash           Conj/Hex       70%        N/A       36%         3
 Necrotise                Necr           40%        1d6       56%         1
 Summon Small Mammal      Summ           40%        N/A       56%         1
 Fulminant Prism          Conj/Hex       17%        3d10      77%         4


Dungeon Overview and Level Annotations

Branches:
Dungeon (8/15)             Temple (0/1) D:4
   Lair: D:8-11

Shops:
D:7 :


Innate Abilities, Weirdness & Mutations

You have an increased reservoir of magic. (+10% MP)
You shall have no god before yourself.
Your divine heritage dramatically boosts your attributes as you level up.


Message History

The green ugly thing attacks as you move away!
The green ugly thing kicks you but does no damage.
The green ugly thing attacks as you move away!
The green ugly thing kicks you but does no damage.
The green ugly thing attacks as you move away!
The green ugly thing completely misses you.
The green ugly thing kicks you.
* * * LOW HITPOINT WARNING * * *
You take 4 damage, and have 18/62 hp.
The green ugly thing attacks as you move away!
The green ugly thing kicks you but does no damage.
The green ugly thing attacks as you move away!
The green ugly thing barely misses you.
The green ugly thing attacks as you move away!
The green ugly thing kicks you.
* * * LOW HITPOINT WARNING * * *
You take 6 damage, and have 13/62 hp.
The green ugly thing attacks as you move away!
The green ugly thing kicks you.
* * * LOW HITPOINT WARNING * * *
You take 5 damage, and have 9/62 hp.
You feel better. The green ugly thing kicks you!
* * * LOW HITPOINT WARNING * * *
You are lethally poisoned!
The green ugly thing poisons you!
You regained 3 hp, and now have 12/62 hp.
Casting: Searing Ray (safe; 3% risk of failure)
Confirm with . or Enter, or press ? or * to list all spells.
Aiming: Searing Ray (safe; 3% risk of failure)
Press: ? - help, Shift-Dir - straight line, f/p - green ugly thing
Aim: a green ugly thing (severely wounded, 83% to hit)
The searing ray hits the green ugly thing!
The green ugly thing is almost dead.
The searing ray hits the bullfrog.
The bullfrog is moderately wounded. (Press . to maintain the ray.)
* * * LOW HITPOINT WARNING * * *
You feel extremely sick. The green ugly thing kicks you.
You die...

.# ### #............#.######
.###.## #.#########.###......
.##.#.## #.# ##.#.#####.
...###.######.## #######.#### #.
....#..........# #..........###.
.#.............####.#######...##.
.#...####.......F........#.#.#.#.
.##..####..###.####.####..##.##..
...........# #Fu@...# #........#
.##..####.## ######## #..##.##..
###..# #.# #.#.#.#.## # # #.#
#.##...## . #.# #.###)## .# #.#
#.# #>#### .. #.# ..# #...F. ...
..# ..# ###### ## ##


You could see a green ugly thing and a bullfrog.

Vanquished Creatures
  2 water moccasins
  4 orc warriors
  3 sky beasts
  A black bear (D:6)
  3 ogres
  4 phantoms
  A kobold brigand (D:6)
  A bullfrog (D:4)
  2 gnoll sergeants
  2 scorpions (D:6)
  6 killer bees
  3 orc priests
  5 hounds
  4 iguanas
  12 orc wizards
  5 adders
  18 gnolls
  A white imp (D:7)
  A worm (D:2)
  2 dart slugs
  17 orcs
  6 ball pythons
  An endoplasm (D:2)
  5 goblins
  3 hobgoblins
  4 jackals (D:4)
  3 quokkas
  A bat (D:1)
  4 frilled lizards
  10 kobolds
  2 rats (D:1)
136 creatures vanquished.

Notes
Turn   | Place    | Note
-------+----------+-------------------------------------------
     0 | D:1      | spardeous the Demigod Conjurer began the quest for the Orb.
     0 | D:1      | Reached XP level 1. HP: 14/14 MP: 5/5
   297 | D:1      | Reached XP level 2. HP: 16/20 MP: 0/7
   834 | D:2      | Reached skill level 4 in Conjurations
   837 | D:2      | Learned a level 2 spell: Searing Ray
  1055 | D:2      | Reached XP level 3. HP: 26/26 MP: 1/9
  2421 | D:3      | Reached XP level 4. HP: 33/33 MP: 4/11
  3019 | D:3      | Learned a level 4 spell: Iskenderun's Mystic Blast
  3111 | D:4      | Noticed a phantom
  3119 | D:4      | Killed a phantom
  3120 | D:4      | Reached skill level 5 in Conjurations
  3120 | D:4      | Reached skill level 1 in Translocations
  3120 | D:4      | Reached XP level 5. HP: 38/38 MP: 3/13
  3213 | D:4      | Noticed an ogre
  3218 | D:4      | Killed an ogre
  3279 | D:4      | Reached XP level 6. HP: 42/45 MP: 11/15
  3546 | D:4      | Found a staircase to the Ecumenical Temple.
  3791 | D:4      | Reached XP level 7. HP: 50/50 MP: 13/17
  4647 | D:5      | Entered Level 5 of the Dungeon
  4677 | D:5      | Reached skill level 6 in Conjurations
  4932 | D:5      | Reached skill level 5 in Spellcasting
  5588 | D:6      | Reached XP level 8. HP: 57/57 MP: 8/19
  6022 | D:6      | Reached skill level 7 in Conjurations
  6094 | D:6      | Reached skill level 5 in Translocations
  7229 | D:7      | Reached XP level 9. HP: 53/62 MP: 13/22
  7607 | D:7      | Reached skill level 8 in Conjurations
  7642 | D:7      | Found Tycw's Book Emporium.
  7642 | D:7      | Noticed a walking divine tome
  7642 | D:7      | Noticed a walking divine tome
  8556 | D:8      | Noticed a green ugly thing
  8607 | D:8      | Slain by a green ugly thing

Illustrated notes

Levels and vault maps discovered:
D:1:      pf_arrival_petrified_forest, layout_basic, nicolae_grassy_gnolls
D:2:      layout_basic
D:3:      layout_basic, amcnicky_altar_gilded, minmay_shallow_snake_nest
D:4:      layout_basic, minmay_temple_entry_large_hall, dreamdust_gnoll_farm
D:5:      layout_rooms, kennysheep_mini_moat, mainiacjoe_overflow_catwalk
D:6:      layout_loops_ring, bloody_trog, nicolae_overflow_hidden_temple,
          nicolae_ashenzari_panopticon
D:7:      layout_loops_ring, mainiacjoe_overflow_six_doors_small, serial_shops,
          nicolae_shop_mannequins
D:8:      layout_loops_ring, lemuel_crystal_altar

Skill      XL: |  1  2  3  4  5  6  7  8  9 |
---------------+----------------------------+-----
Spellcasting   | 2 3 4 5 6 7 |  7.0
Conjurations   | 4 5 6 7 8 |  8.2
Translocations | 1 2 4 5 6 |  6.4
Dodging        | |  1.7
Stealth        | |  1.7

Action                     |  1- 3 |  4- 6 |  7- 9 || total
---------------------------+-------+-------+-------++-------
  Melee: Spear             |       |     1 |       ||     1
         Trident           |       |       |     4 ||     4
   Cast: Magic Dart        |    67 |    31 |    89 ||   187
         Searing Ray       |     1 |    15 |    61 ||    77
    Use: Scroll            |       |       |     7 ||     7
         Potion            |       |       |     4 ||     4
 Armour: Robe              |       |    14 |       ||    14
         Ring mail         |       |       |    14 ||    14
         Chain mail        |       |       |    41 ||    41
  Dodge: Dodged            |     5 |    38 |    50 ||    93
